 Dungeon Crawl Stone Soup version 0.31-a0-859-g9dce7d3444 (webtiles) character file.

Game seed: 13887016796237709964

100 aks0t the Grasshopper (level 4, -12/38 HPs)
             Began as a Gnoll Warper on Oct 10, 2023.
             Mangled by Crazy Yiuf
             ... wielding a +4 quarterstaff of chaos
              (16 damage)
             ... on level 2 of the Dungeon.
             The game lasted 00:09:27 (1799 turns).

aks0t the Grasshopper (Gnoll Warper)                Turns: 1799, Time: 00:09:28

Health: -12/38     AC:  3    Str: 10    XL:     4   Next: 73%
Magic:  9/11       EV: 13    Int: 12    God:
Gold:   74         SH:  0    Dex: 14    Spells: 11/13 levels left

rFire   . . .        a - +0 falchion
rCold   . . .        (no shield)
rNeg    . . .        b - +0 leather armour
rPois   .            (no helmet)
rElec   .            (no cloak)
rCorr   .            (no gloves)
SInv    .            (no boots)
Will    .....        (no amulet)
Stlth   ++           (no ring)
HPRegen 0.26/turn    (no ring)
MPRegen 0.12/turn

%: no passive effects
@: on blink cooldown
A: fangs 1, strong nose, distributed training
a: no special abilities


You were on level 2 of the Dungeon.
You visited 1 branch of the dungeon, and saw 2 of its levels.

You collected 74 gold pieces.

Inventory:

Hand Weapons
 a - a +0 falchion (weapon)
Armour
 b - a +0 leather armour (worn)
Magical Staves
 j - a staff of death
Wands
 k - a wand of paralysis (13)
Scrolls
 c - a scroll of blinking
 d - a scroll of fog {unknown}
 e - a scroll of teleportation {unknown}
 h - a scroll of vulnerability {unknown}
 l - a scroll of brand weapon {unknown}
Potions
 f - a potion of haste {unknown}
 g - 4 potions of attraction {unknown}
 i - a potion of brilliance {unknown}


   Skills:
 + Level 4.7 Fighting
 + Level 1.2 Short Blades
 + Level 4.7 Long Blades
 + Level 1.2 Axes
 + Level 1.2 Maces & Flails
 + Level 1.2 Polearms
 + Level 1.2 Staves
 + Level 1.2 Ranged Weapons
 + Level 2.8 Throwing
 + Level 2.8 Armour
 + Level 4.7 Dodging
 + Level 1.2 Stealth
 + Level 1.2 Shields
 + Level 1.2 Unarmed Combat
 + Level 5.1 Spellcasting
 + Level 1.0 Conjurations
 + Level 1.0 Hexes
 + Level 1.0 Summonings
 + Level 1.0 Necromancy
 + Level 5.5 Translocations
 + Level 1.0 Transmutations
 + Level 1.0 Fire Magic
 + Level 1.0 Ice Magic
 + Level 1.0 Air Magic
 + Level 1.0 Earth Magic
 + Level 1.0 Poison Magic
 + Level 1.4 Invocations
 + Level 1.2 Evocations
 + Level 1.1 Shapeshifting


You had 11 spell levels left.
You knew the following spells:

 Your Spells              Type           Power      Damage    Failure   Level
a - Blink                 Tloc           32%        N/A       4%          2

Your spell library contained the following spells:

 Spells                   Type           Power      Damage    Failure   Level
 Lesser Beckoning         Tloc           32%        N/A       4%          2
 Teleport Other           Tloc           16%        N/A       9%          3
 Manifold Assault         Tloc           16%        N/A       26%         4
 Vhi's Electric Charge    Tloc/Air       20%        N/A       56%         4


Dungeon Overview and Level Annotations

Branches:
Dungeon (2/15)

Altars:

Annotations:
D:2 Crazy Yiuf


Innate Abilities, Weirdness & Mutations

You have very sharp teeth.
Your uncanny sense of smell can sniff out nearby items.
Your experience applies equally to all skills.


Message History

You see here an adder corpse.
Crazy Yiuf shouts!
You open the door.
Crazy Yiuf whimpers, "Shadow!
Island toodlewoodle pontify."
You hit Crazy Yiuf.
Crazy Yiuf is lightly wounded.
Crazy Yiuf hits you with a +4 quarterstaff of chaos.
Crazy Yiuf freezes you.
You barely miss Crazy Yiuf. You bite Crazy Yiuf, but do no damage.
Crazy Yiuf is lightly wounded.
Crazy Yiuf closely misses you.
You hit Crazy Yiuf.
Crazy Yiuf is moderately wounded.
Crazy Yiuf barely misses you.
You hit Crazy Yiuf.
Crazy Yiuf is severely wounded.
Crazy Yiuf misses you.
You hit Crazy Yiuf but do no damage.
Crazy Yiuf is severely wounded.
Crazy Yiuf hits you with a +4 quarterstaff of chaos!
Crazy Yiuf freezes you.
You hit Crazy Yiuf. Your bite misses Crazy Yiuf.
Crazy Yiuf is almost dead.
Crazy Yiuf hits you with a +4 quarterstaff of chaos!
* * * LOW HITPOINT WARNING * * *
Crazy Yiuf freezes you.
* * * LOW HITPOINT WARNING * * *
Casting: Blink (safe; 4% risk of failure)
Confirm with . or Enter, or press ? or * to list all spells.
You blink.
Casting: Blink (safe; 4% risk of failure)
Confirm with . or Enter, or press ? or * to list all spells.
You are still too unstable to blink.
You hit Crazy Yiuf but do no damage.
Crazy Yiuf is almost dead.
Crazy Yiuf closely misses you.
You hit Crazy Yiuf.
Crazy Yiuf is almost dead.
Crazy Yiuf hits you with a +4 quarterstaff of chaos!
You die...

#..# #.#.#.#
##....>....#
#.#
#..####.#.#.#
####..#####
#.#
#...........#
#..# ##..
##......#.###
#..######...
######.###
#..........#
#.#
#.#######..#
#.## #####
#.# ###..#
###..# #)..#
#.# #..).#
#.[..# #..@#
#.#####.#.##
#.#.## #..g#
#...........
#.#.## ##'##
#.#####.#.##
#.#..# ♣.♣♣
##.# #.#.#
##.#### ♣♣.♣
#..# #.#.##
#..# ♣.♣♣
##.# #.#...
#.## ♣♣.♣ #.#
#.#### #.#
♣♣.♣♣ #.# #.#
#.# ♣♣...♣
##.# ##.##


You could see Crazy Yiuf.

Vanquished Creatures
  6 adders (D:2)
  5 bats
  3 endoplasms
  2 giant cockroaches
  4 goblins
  5 hobgoblins
  3 jackals (D:1)
  4 kobolds
  3 quokkas
  2 ball pythons (D:1)
  A frilled lizard (D:1)
  4 rats
42 creatures vanquished.

Notes
Turn   | Place    | Note
-------+----------+-------------------------------------------
     0 | D:1      | aks0t the Gnoll Warper began the quest for the Orb.
     0 | D:1      | Reached XP level 1. HP: 20/20 MP: 6/6
   159 | D:1      | Reached XP level 2. HP: 26/26 MP: 7/7
   534 | D:1      | Reached skill level 5 in Spellcasting
   534 | D:1      | Reached XP level 3. HP: 25/31 MP: 7/9
   948 | D:2      | Reached skill level 1 in Invocations
   952 | D:2      | Learned a level 2 spell: Blink
  1046 | D:2      | Reached skill level 1 in Short Blades
  1046 | D:2      | Reached skill level 1 in Axes
  1046 | D:2      | Reached skill level 1 in Maces & Flails
  1046 | D:2      | Reached skill level 1 in Polearms
  1046 | D:2      | Reached skill level 1 in Staves
  1046 | D:2      | Reached skill level 1 in Ranged Weapons
  1046 | D:2      | Reached skill level 1 in Stealth
  1046 | D:2      | Reached skill level 1 in Shields
  1046 | D:2      | Reached skill level 1 in Unarmed Combat
  1046 | D:2      | Reached skill level 1 in Evocations
  1133 | D:2      | Reached skill level 1 in Shapeshifting
  1133 | D:2      | Reached XP level 4. HP: 19/38 MP: 11/11
  1271 | D:2      | Found a runed translucent door.
  1272 | D:2      | Noticed Crazy Yiuf
  1423 | D:2      | Reached skill level 1 in Conjurations
  1423 | D:2      | Reached skill level 1 in Hexes
  1423 | D:2      | Reached skill level 1 in Summonings
  1423 | D:2      | Reached skill level 1 in Necromancy
  1423 | D:2      | Reached skill level 1 in Transmutations
  1423 | D:2      | Reached skill level 1 in Fire Magic
  1423 | D:2      | Reached skill level 1 in Ice Magic
  1423 | D:2      | Reached skill level 1 in Air Magic
  1423 | D:2      | Reached skill level 1 in Earth Magic
  1423 | D:2      | Reached skill level 1 in Poison Magic
  1799 | D:2      | Mangled by Crazy Yiuf

Illustrated notes

Levels and vault maps discovered:
D:1:      lemuel_arrival_rhombus, layout_rooms, minmay_heptomino_o4
D:2:      layout_loops_ring, uniq_crazy_yiuf_cottage

Skill      XL: |  1  2  3  4 |
---------------+-------------+-----
Spellcasting   | 5 |  5.1
Invocations    | 1 |  1.4
Short Blades   | 1 |  1.2
Axes           | 1 |  1.2
Maces & Flails | 1 |  1.2
Polearms       | 1 |  1.2
Staves         | 1 |  1.2
Ranged Weapons | 1 |  1.2
Stealth        | 1 |  1.2
Shields        | 1 |  1.2
Unarmed Combat | 1 |  1.2
Evocations     | 1 |  1.2
Shapeshifting  | 1 |  1.1
Conjurations   | 1 |  1.0
Hexes          | 1 |  1.0
Summonings     | 1 |  1.0
Necromancy     | 1 |  1.0
Transmutations | 1 |  1.0
Fire Magic     | 1 |  1.0
Ice Magic      | 1 |  1.0
Air Magic      | 1 |  1.0
Earth Magic    | 1 |  1.0
Poison Magic   | 1 |  1.0
Fighting       | |  4.7
Long Blades    | |  4.7
Throwing       | |  2.8
Armour         | |  2.8
Dodging        | |  4.7
Translocations | |  5.5

Action                     |  1- 3 |  4- 6 || total
---------------------------+-------+-------++-------
  Melee: Falchion          |   103 |    41 ||   144
         Bite              |     6 |     6 ||    12
         Punch             |     3 |       ||     3
  Throw: Dart              |     7 |       ||     7
   Cast: Blink             |     1 |     1 ||     2
   Stab: Sleeping          |     2 |     1 ||     3
 Armour: Leather armour    |    62 |    20 ||    82
  Dodge: Dodged            |    60 |    30 ||    90

Table legend: (Time is in decaauts)
 A = Elapsed time spent in this place.
 B = Non-inter-level travel time spent in this place.
 C = Inter-level travel time spent in this place.
 D = Time resting spent in this place.
 E = Time spent auto-exploring this place.
 F = Levels seen in this place.
 G = Mean time per level.
                   A        B        C        D        E       F      G
               +--------+--------+--------+--------+--------+-----+--------+
         Total |   1808 |   1799 |      9 |    200 |   1231 |   2 |  904.0 |
       Dungeon |   1808 |   1799 |      9 |    200 |   1231 |   2 |  904.0 |
               +--------+--------+--------+--------+--------+-----+--------+

Top non-repeatable levels by time:
     D:2: 983 daAuts
     D:1: 824 daAuts
